AoeStats
← Tilikoglu

Arena

510182418Analyzed
4v4 RM · 1d ago on Sep 29, 2026· 52m 41s· 8 players
Game mode
Random Map
Map size
Large (8 player)
Population
200
Speed
Normal
Resources
Standard
Victory
Conquest
Starting age
Dark Age
Ending age
Imperial Age
RankedLock teamsTeams togetherTeam positionsShared explorationLock speedFull tech treeHidden civsTurbo modeCheats
Victory
Defeat
🇹🇷 Bohemians · Türkiye
1665
+17
🇨🇳 Magyars · China
1660
+17
🇹🇷 Mongols · Türkiye
1626
+18
🇹🇷 Franks · Türkiye
1610
+19
🇩🇪 Danes · Germany
1855
-25
🇩🇪 Romans · Germany
1682
-18
🇩🇪 Varangians · Germany
1673
-18
🇩🇪 Franks · Germany
1487
-10
USTA
10:54 Feudal Age
14:42 Castle Age
12:33 Loom
12:56 Double-Bit Axe
13:48 Horse Collar
19:23 Fervor
33:29 Bow Saw
35:21 Wheelbarrow
36:22 Heavy Plow
39:43 Imperial Age
38:44 Wagenburg Tactics
39:45 Chemistry
42:55 Conscription
42:55 Siege Engineers
43:01 Masonry
44:11 Two-Man Saw
44:00 Elite Hussite Wagon
46:00 Houfnice
52:26 Architecture
52:07 Fortified Wall
52:26 Hand Cart
51:57 Town Watch
北冥有鲲
11:42 Feudal Age
12:42 Double-Bit Axe
15:31 Castle Age
13:30 Horse Collar
16:42 Heavy Plow
16:53 Bow Saw
21:40 Wheelbarrow
21:41 Loom
22:56 Hand Cart
23:32 Gold Mining
23:30 Town Watch
27:11 Scale Barding Armor
28:06 Gold Shaft Mining
27:22 Stone Mining
30:46 Imperial Age
29:01 Corvinian Army
30:12 Masonry
30:23 Ballistics
30:26 Chain Barding Armor
30:49 Fletching
31:52 Thumb Ring
34:22 Imperial Age
32:39 Bodkin Arrow
32:44 Padded Archer Armor
33:33 Bloodlines
35:12 Bracer
36:19 Chemistry
36:19 Leather Archer Armor
36:10 Recurve Bow
37:05 Parthian Tactics
38:13 Ring Archer Armor
38:49 Heavy Cavalry Archer
43:51 Plate Barding Armor
43:53 Siege Engineers
Tilikoglu
10:31 Feudal Age
14:23 Castle Age
12:23 Double-Bit Axe
15:22 Wheelbarrow
15:27 Bow Saw
19:53 Gold Mining
23:12 Stone Mining
24:01 Gold Shaft Mining
24:40 Hand Cart
24:10 Loom
24:11 Town Watch
28:25 Imperial Age
26:31 Scale Barding Armor
26:52 Forging
28:29 Chain Barding Armor
28:45 Iron Casting
29:25 Conscription
28:29 Cavalier
29:10 Husbandry
28:32 Light Cavalry
29:54 Paladin
33:01 Plate Barding Armor
33:32 Blast Furnace
51:41 Masonry
lalalalala
9:21 Feudal Age
12:55 Castle Age
11:29 Double-Bit Axe
12:11 Horse Collar
13:46 Bow Saw
18:36 Wheelbarrow
18:26 Stone Mining
19:11 Loom
19:41 Gold Mining
20:17 Heavy Plow
21:00 Stone Shaft Mining
22:38 Gold Shaft Mining
22:26 Hand Cart
22:45 Fletching
23:57 Gold Shaft Mining
23:31 Bodkin Arrow
25:46 Padded Archer Armor
25:48 Husbandry
26:56 Ballistics
29:44 Imperial Age
28:25 Bloodlines
28:37 Thumb Ring
30:20 Leather Archer Armor
31:04 Elite Mangudai
32:13 Conscription
31:54 Bracer
32:58 Chemistry
39:59 Drill
40:10 Masonry
42:53 Coinage
OIDA | Tasty
8:58 Loom
10:46 Feudal Age
14:37 Castle Age
12:36 Double-Bit Axe
12:35 Horse Collar
15:50 Bow Saw
15:42 Heavy Plow
16:53 Wheelbarrow
21:45 Stone Mining
21:50 Gold Mining
24:06 Hand Cart
28:44 Imperial Age
26:34 Scale Barding Armor
26:40 Forging
26:24 Loom
26:24 Town Watch
27:05 Bloodlines
26:56 Husbandry
27:39 Chain Barding Armor
28:52 Iron Casting
28:47 Elite Jarl
29:49 Conscription
30:38 Plate Barding Armor
30:47 Masonry
30:44 Siege Engineers
31:01 Ballistics
31:44 Blast Furnace
33:38 Chemistry
33:03 Fletching
35:03 Two-Man Saw
35:32 Architecture
37:07 Bodkin Arrow
38:32 Stone Shaft Mining
38:18 Murder Holes
38:25 Bracer
41:50 Fortified Wall
46:49 Light Cavalry
48:20 Hussar
SvenVonE ツ
10:23 Feudal Age
14:31 Castle Age
12:41 Double-Bit Axe
13:25 Forging
15:36 Bow Saw
15:46 Scale Mail Armor
16:06 Gold Mining
17:50 Loom
24:58 Wheelbarrow
26:59 Chain Mail Armor
28:19 Iron Casting
28:35 Town Watch
33:22 Imperial Age
32:05 Fletching
32:33 Fortified Wall
32:26 Squires
33:15 Bodkin Arrow
33:39 Masonry
33:52 Ballistics
35:03 Architecture
34:11 Elite Throwing Axeman
35:04 Gambesons
36:18 Padded Archer Armor
38:00 Chemistry
NOC | shiXo.#
11:34 Feudal Age
12:23 Double-Bit Axe
15:13 Castle Age
13:01 Horse Collar
16:10 Scale Mail Armor
17:27 Squires
22:59 Loom
27:06 Chain Mail Armor
32:07 Bow Saw
31:48 Gold Mining
32:00 Heavy Plow
32:39 Wheelbarrow
33:09 Forging
34:51 Town Watch
35:42 Hand Cart
39:27 Imperial Age
38:37 Masonry
39:55 Iron Casting
40:16 Onager
40:24 Elite Jomsviking
41:25 Siege Engineers
41:59 Plate Mail Armor
41:54 Siege Onager
44:47 Siege Onager
Peter_Pahn
11:06 Feudal Age
12:06 Double-Bit Axe
12:03 Horse Collar
14:48 Castle Age
15:46 Bow Saw
15:38 Heavy Plow
20:21 Wheelbarrow
19:44 Loom
21:57 Hand Cart
26:53 Imperial Age
24:35 Scale Mail Armor
24:46 Gold Mining
25:43 Chain Mail Armor
25:02 Pikeman
25:44 Squires
25:50 Stone Mining
26:54 Forging
26:56 Halberdier
26:58 Capped Ram
28:49 Gold Shaft Mining
28:15 Siege Ram
28:20 Man-at-Arms
29:37 Ballistics
30:42 Siege Engineers
30:18 Long Swordsman
32:17 Iron Casting
33:01 Crop Rotation
32:10 Legionary
35:56 Conscription
36:15 Heavy Scorpion
37:59 Chemistry
37:55 Ballistas
38:20 Fletching
39:32 Blast Furnace
39:07 Bodkin Arrow
42:24 Comitatenses
46:43 Masonry
47:10 Scale Barding Armor
47:49 Light Cavalry
48:40 Bloodlines
49:37 Coinage
50:02 Chain Barding Armor
49:44 Husbandry
50:14 Fortified Wall
51:39 Banking
Connection lost

Rejoining the realm…

Still unreachable

The connection could not be restored.

Session expired

The server has moved on; the page needs a fresh start.